 Seeded DCSS version 0.27.1-4-g1640c2035a (webtiles) character file.

Game seed: 20211110 (custom seed)

11 jessy the Sneak (level 2, -1/22 HPs)
             Began as a Demonspawn Brigand on Nov 10, 2021.
             Slain by a kobold (5 damage)
             ... on level 1 of the Dungeon.
             The game lasted 00:02:04 (289 turns).

jessy the Sneak (Demonspawn Brigand)                 Turns: 289, Time: 00:02:05

Health: -1/22      AC:  9    Str: 11    XL:     2   Next: 17%
Magic:  2/2        EV:  4    Int: 12    God:
Gold:   8          SH:  4    Dex: 14    Spells: 1/1 levels left

rFire    . . .     SeeInvis .   f - +0 mace
rCold    . . .     Faith    .   (no shield)
rNeg     . . .     Spirit   .   h - +0 chain mail
rPois    .         Reflect  .   (no helmet)
rElec    .         Harm     .   c - +0 cloak
rCorr    .         Rampage  .   (no gloves)
Will     .....                  (no boots)
Stlth    ..........             (no amulet)
HPRegen  0.07/turn              (no ring)
MPRegen  0.08/turn              (no ring)

@: flying
A: condensation shield
a: no special abilities


You were on level 1 of the Dungeon.
You visited 1 branch of the dungeon, and saw 1 of its levels.

You collected 8 gold pieces.

Inventory:

Hand Weapons
 a - a +2 dagger
 f - a +0 mace (weapon)
 g - a +0 hand axe
 i - a +2 dagger of draining
Missiles
 d - 8 poisoned darts (quivered)
 e - 2 curare-tipped darts
Armour
 b - a +0 robe
 c - a +0 cloak (worn)
 h - a +0 chain mail (worn)


   Skills:
 + Level 2.0 Fighting
 + Level 1.8 Short Blades
 + Level 0.7 Maces & Flails
 + Level 1.7 Throwing
 + Level 0.8 Dodging
 + Level 4.0 Stealth


You had one spell level left.
You didn't know any spells.
Your spell library was empty.

Dungeon Overview and Level Annotations

Branches:
Dungeon (1/15)

Altars:


Innate Abilities, Weirdness & Mutations

A meltable shield of frost defends you. (SH +4)


Message History

You barely miss the kobold. The goblin hits you but does no damage.
The quokka bites you. The kobold completely misses you.
The ball python bites you but does no damage.
The ball python constricts you. The goblin hits you but does no damage.
The quokka bites you but does no damage.
The kobold hits you but does no damage.
You barely miss the goblin.
The goblin is moderately wounded.
The ball python bites you but does no damage.
The ball python constricts you. The quokka bites you.
The goblin hits you with a +0 club. The ball python bites you.
The ball python constricts you. The kobold hits you but does no damage.
You hit the kobold.
You kill the kobold!
The quokka bites you but does no damage.
The ball python bites you. The ball python constricts you.
You block the goblin's attack. The quokka bites you.
* * * LOW HITPOINT WARNING * * *
It was a potion of flight.
You feel very buoyant.
You fly up into the air.
The ball python bites you but does no damage.
The ball python constricts you. The goblin hits you but does no damage.
The quokka bites you but does no damage.
The ball python bites you but does no damage.
The ball python constricts you.
* * * LOW HITPOINT WARNING * * *
You escape the ball python's grasp.
You block the goblin's attack.
The quokka bites you but does no damage.
You see here a fuming cyan potion.
You block the quokka's attack. The quokka closely misses you.
The quokka barely misses you.
The quokka bites you but does no damage.
The quokka bites you but does no damage.
A kobold comes into view. It is wielding a +0 short sword.
A rat comes into view.
Found 14 stones.
The kobold hits you with a +0 short sword.
You die...

..............#
#.................#
#.#........)...# #.#.#
#.##.r#.##### #####.#.##
#.##!l......# .........#
#.##.##.###.# .........#
#.##r#.......
.........###.......###.#
(....rK@r.gSgl.##..# #.#
.........#.###.##$.# #.#
...............##..# #..
.........#.###.##.######
.........#...... ##....
.........#####.# ##..##.
.........# #.###..##..
.##...#### .##.......
##...#.##.


You could see a quokka, a hobgoblin, a goblin, a ball python, a kobold, a
frilled lizard and a rat.

Vanquished Creatures
  2 dart slugs (D:1)
  An endoplasm (D:1)
  A giant cockroach (D:1)
  A quokka (D:1)
  A ball python (D:1)
  2 kobolds (D:1)
8 creatures vanquished.

Notes
Turn   | Place    | Note
-------+----------+-------------------------------------------
     0 | D:1      | jessy the Demonspawn Brigand began the quest for the Orb.
     0 | D:1      | Reached XP level 1. HP: 16/16 MP: 1/1
   146 | D:1      | Gained mutation: A meltable shield of frost defends you.
                  | (SH +4) [demonic ancestry]
   146 | D:1      | Reached XP level 2. HP: 17/22 MP: 2/2
   160 | D:1      | Reached skill level 4 in Stealth
   289 | D:1      | Slain by a kobold

Illustrated notes

Levels and vault maps discovered:
D:1:      dpeg_chamrin_arrival_tetris, layout_basic,
          dreamdust_ecumenical_altar_statues, minmay_close_crescents

Skill      XL: |  1  2 |
---------------+-------+-----
Stealth        | 4 |  4.0
Fighting       | |  2.0
Short Blades   | |  1.8
Maces & Flails | |  0.7
Throwing       | |  1.7
Dodging        | |  0.8

Action                   || total
-------------------------++-------
Melee: Mace              ||    18
       Dagger            ||    10
  Use: Potion            ||     1
 Stab: Sleeping          ||     1
Armor: Chain mail        ||    48
       Robe              ||     1
Dodge: Dodged            ||    15
Block: Other             ||     8
